 Dungeon Crawl Stone Soup version 0.20.0-8-g6b59dc7 (webtiles) character file.

179 ChaseSP the Chopper (level 5, -1/46 HPs)
             Began as a Deep Dwarf Fighter on June 2, 2017.
             Slain by a gnoll
             ... wielding a +0 halberd
              (10 damage)
             ... on level 4 of the Dungeon.
             The game lasted 00:05:27 (2024 turns).

ChaseSP the Chopper (Deep Dwarf Fighter)            Turns: 2024, Time: 00:05:28

Health: -1/46      AC: 10    Str: 19    XL:     5   Next: 32%
Magic:  5/5        EV:  7    Int:  9    God:
Gold:   193        SH:  9    Dex: 13    Spells: 4/4 levels left

rFire    . . .     SeeInvis .   a - +0 war axe
rCold    . . .     Gourm    .   c - +0 shield
rNeg     . . .     Faith    .   b - +0 scale mail
rPois    .         Spirit   .   (helmet restricted)
rElec    .         Reflect  .   (no cloak)
rCorr    .         Harm     .   (no gloves)
MR       .....                  q - +0 pair of boots
Stlth    ..........             (no amulet)
Regen    0.0/turn               (no ring)
MPRegen  0.1/turn               (no ring)

@: non-regenerating
A: damage resistance, heal wounds, horns 1, icy blue scales 1, sense
surroundings 1, wild magic 1, no regeneration
a: Heal Wounds


You were on level 4 of the Dungeon.
You were not hungry.

You visited 1 branch of the dungeon, and saw 4 of its levels.

You collected 193 gold pieces.

Inventory:

Hand Weapons
 a - a +0 war axe (weapon)
Missiles
 m - 52 bolts
Armour
 b - a +0 scale mail (worn)
 c - a +0 shield (worn)
 q - a +0 pair of boots (worn)
Wands
 j - a wand of iceblast (15/15)
Scrolls
 o - a scroll of recharging
 s - a scroll of amnesia {unknown}
Potions
 d - a potion of might
 e - a potion of heal wounds {unknown}
 g - a potion of flight {unknown}
 h - a potion of mutation
 i - 3 potions of curing
 r - 2 potions of agility {unknown}
 t - a potion of invisibility {unknown}
Comestibles
 f - 2 bread rations
 k - 2 chunks of flesh
 l - 3 royal jellies
 p - 2 meat rations


   Skills:
 - Level 2.6 Fighting
 * Level 6.2 Axes
 - Level 3.2 Armour
 - Level 3.2 Shields


You had 4 spell levels left.
You didn't know any spells.

Dungeon Overview and Level Annotations

Branches:
Dungeon (4/15)
 Temple: D:4-7

Altars:
Gozag
Qazlal
Ru


Innate Abilities, Weirdness & Mutations

You are resistant to damage.
You can heal yourself by infusing magical energy.
You passively map a small area around you.
You do not regenerate.
You have a pair of small horns on your head.
You are partially covered in icy blue scales. (AC +2)
Your spells are a little harder to cast, but a little more powerful.


Message History

The gnoll hits you from afar with a halberd!
The gnoll hits you but does no damage. You block the gnoll's attack. x2
You slash the gnoll!
You kill the gnoll!
You hit the gnoll. The gnoll hits you but does no damage.
The gnoll hits you from afar with a halberd!
* * * LOW HITPOINT WARNING * * *
The gnoll hits you with a flail of crushing.
* * * LOW HITPOINT WARNING * * *
You see here a halberd.
You hit the gnoll.
The gnoll is moderately wounded.
You hit the gnoll.
You kill the gnoll!
You block the gnoll's attack.
Unknown command.
You barely miss the gnoll. Your headbutt misses the gnoll.
The gnoll is moderately wounded.
The gnoll hits you with a halberd!
You die...

.....'.....#,,, , ,
.....#.....# ,#....+ , ,
.###+#.....#+###....# ,
)##.................# , ,
..#.................#,
..#.................#
###...........)^....####
.....##'###+###.g.......,
.....#........#.@)......
.....+........#.........
.....#..###.###.........
.....######.####'###+###
* .....#......#........#
, ,
.....#.....[#........#
..<..#......'........# ,
.....#####+###########
................. , ,


You could see a gnoll.

Vanquished Creatures
  A worker ant (D:4)
  A worker ant zombie (D:4)
  5 gnolls
  3 adders (D:2)
  2 worms (D:2)
  2 dart slugs
  A leopard gecko (D:2)
  2 orcs
  5 giant cockroaches
  2 goblins
  7 hobgoblins
  8 jackals (D:3)
  6 kobolds
  6 bats
  2 frilled lizards
  4 rats
57 creatures vanquished.

Notes
Turn   | Place    | Note
-------+----------+-------------------------------------------
     0 | D:1      | ChaseSP the Deep Dwarf Fighter began the quest for the Orb.
     0 | D:1      | Reached XP level 1. HP: 20/20 MP: 1/1
   334 | D:1      | Reached skill level 3 in Axes
   334 | D:1      | Reached XP level 2. HP: 22/27 MP: 2/2
   629 | D:1      | Reached XP level 3. HP: 24/33 MP: 3/3
   749 | D:2      | Reached skill level 4 in Axes
   966 | D:2      | Found a sacrificial altar of Ru.
   993 | D:2      | Reached XP level 4. HP: 31/40 MP: 4/4
  1128 | D:2      | Found a stormy altar of Qazlal.
  1353 | D:3      | Reached skill level 5 in Axes
  1591 | D:3      | Found an opulent altar of Gozag.
  1890 | D:4      | Gained mutation: You have a pair of small horns on your head. [potion of mutation]
  1890 | D:4      | Gained mutation: Your spells are a little harder to cast, but a little more powerful. [potion of mutation]
  1890 | D:4      | Gained mutation: You are partially covered in icy blue scales. (AC +2) [potion of mutation]
  1953 | D:4      | Reached XP level 5. HP: 44/46 MP: 5/5
  1979 | D:4      | Reached skill level 6 in Axes
  2024 | D:4      | Slain by a gnoll

Skill      XL: |  1  2  3  4  5 |
---------------+----------------+-----
Axes           | 3 4 5 6 |  6.2
Fighting       | |  2.6
Armour         | |  3.2
Shields        | |  3.2

Action                   |  1- 3 |  4- 6 || total
-------------------------+-------+-------++-------
Melee: War axe           |    97 |   117 ||   214
       Headbutt          |       |     6 ||     6
 Abil: Heal Wounds       |     1 |     1 ||     2
  Use: Scroll            |     1 |     3 ||     4
       Potion            |       |     1 ||     1
  Eat: Chunk             |       |     4 ||     4
Armor: Scale mail        |    47 |    63 ||   110
Dodge: Dodged            |    25 |    50 ||    75
Block: Shield            |    55 |    80 ||   135
